 Dungeon Crawl Stone Soup version 0.21.1-1-g345015f (webtiles) character file.

31 inc the Vexing (level 3, -3/14 HPs)
             Began as a Felid Enchanter on Feb 28, 2018.
             Killed from afar by an orc wizard (9 damage)
             ... with a magic dart
             ... on level 3 of the Dungeon.
             The game lasted 00:03:20 (1804 turns).

inc the Vexing (Felid Enchanter)                    Turns: 1804, Time: 00:03:21

Health: -3/14      AC:  1    Str:  4    XL:     3   Next: 7%
Magic:  3/7        EV: 18    Int: 17    God:
Gold:   73         SH:  0    Dex: 16    Spells: 0/6 levels left
                                        Lives:  0   Deaths: 0

rFire    . . .     SeeInvis +     - Unarmed
rCold    . . .     Gourm    .   (shield unavailable)
rNeg     . . .     Faith    .   (armour unavailable)
rPois    .         Spirit   .   (helmet unavailable)
rElec    .         Reflect  .   (cloak unavailable)
rCorr    .         Harm     .   (gloves unavailable)
MR       .....                  (boots unavailable)
Stlth    +++.......             (no amulet)
HPRegen  0.04/turn              (no ring)
MPRegen  0.10/turn              (no ring)

@: very slightly contaminated, quick
A: very small, no armour, no weapons or thrown items, stealth, claws 1, fangs 3,
see invisible, carnivore, speed 1, shaggy fur 1, slow metabolism 1, sharp paws
a: no special abilities


You were on level 3 of the Dungeon.
You were not hungry.

You visited 1 branch of the dungeon, and saw 3 of its levels.

You collected 73 gold pieces.

Inventory:

Scrolls
 c - 3 scrolls of remove curse {unknown}
 e - a scroll of teleportation {unknown}
 g - 3 scrolls of identify {unknown}
Potions
 d - a potion of magic {unknown}
 f - a potion of curing {unknown}
Books
 a - a book of Maledictions

   Spells                             Type                      Level
   a - Corona                         Hexes                        1
   b - Ensorcelled Hibernation        Hexes/Ice                    2
   c - Confuse                        Hexes                        3
   d - Tukima's Dance                 Hexes                        3
   e - Dazzling Spray                 Conjuration/Hexes            3
Comestibles
 b - 3 rations


   Skills:
 - Level 2.6 Dodging
 - Level 4.0 Stealth
 + Level 3.1 Unarmed Combat
 - Level 2.0 Spellcasting
 - Level 4.4 Hexes


You couldn't memorise any spells.
You knew the following spells:

 Your Spells              Type           Power        Failure   Level  Hunger
a - Corona                Hex            ###....      3%          1    #......
b - Ensorcelled Hibernat  Hex/Ice        #.....       12%         2    ###....
c - Confuse               Hex            ###.....     10%         3    ###....


Dungeon Overview and Level Annotations

Branches:
Dungeon (3/15)

Altars:

Annotations:
D:2 Sigmund


Innate Abilities, Weirdness & Mutations

You cannot wear armour.
You are incapable of wielding weapons or throwing items.
Your paws allow you to move quietly. (Stealth)
You have sharp claws.
You have razor-sharp teeth.
You have supernaturally acute eyesight. (SInv)
You are carnivorous and can eat meat at any time.
You cover ground quickly.
You are covered in fur. (AC +1)
You have a slow metabolism.
Your sharp claws are effective at attacking unaware monsters.


Message History

Aim: an orc, wielding a trident (chance to defeat MR: 58%)
Okay, then.
The orc misses you.
Casting: Ensorcelled Hibernation
Confirm with . or Enter, or press ? or * to list all spells.
Aiming: Ensorcelled Hibernation
Press: ? - help, Shift-Dir - straight line, f - orc
Aim: an orc, wielding a hand axe (chance to defeat MR: 58%)
You miscast Ensorcelled Hibernation.
You are very lightly contaminated with residual magic.
A chill runs through your body.
The orc wizard shouts!
The orc hits you from afar with a trident!
Ouch! That really hurt!
The orc wizard mumbles some strange words.
The orc wizard seems to speed up.
The orc wizard casts a spell at you. The magic dart hits you!
Ouch! That really hurt!
You die...

#.##...#############
#.#................#
#.##...###########.#
#........#########.#####
#.######................
#.#### #####.######.####
#....# #.# #.#
#..#.#######.#### #.#
#.#..o.@.....o..###.# .
##.#.o#########.....##.#
#...o.b.....###.......#
#...o.8...8o.##....###.
#.........oo..$#.#....#.
................⌠#....#.#.
.##..........o..$#..#.#.#.
# ##.....8...8..##..#.#.#.
#...........###....#.#.


You could see an orc wizard and 2 orcs.

Vanquished Creatures
  An adder (D:2)
  A dart slug (D:1)
  A ball python (D:1)
  A giant cockroach (D:3)
  3 goblins
  4 hobgoblins
  2 kobolds (D:1)
  4 bats
  A frilled lizard (D:1)
  A jackal skeleton (D:3)
19 creatures vanquished.

Notes
Turn   | Place    | Note
-------+----------+-------------------------------------------
     0 | D:1      | inc the Felid Enchanter began the quest for the Orb.
     0 | D:1      | Reached XP level 1. HP: 7/7 MP: 4/4
    53 | D:2      | Noticed Sigmund
   241 | D:1      | Reached XP level 2. HP: 5/11 MP: 4/6
   245 | D:1      | Learned a level 2 spell: Ensorcelled Hibernation
  1700 | D:3      | Reached XP level 3. HP: 14/14 MP: 3/7
  1711 | D:3      | Learned a level 3 spell: Confuse
  1804 | D:3      | Killed from afar by an orc wizard

Skill      XL: |  1  2 |
---------------+-------+-----
Unarmed Combat | 2 3 |  3.1
Dodging        | |  2.6
Stealth        | |  4.0
Spellcasting   | |  2.0
Hexes          | |  4.4

Action                   || total
-------------------------++-------
Melee: Unarmed           ||    49
       Bite              ||     2
 Cast: Corona            ||     4
       Ensorcelled Hiber ||    13
 Stab: Sleeping          ||    12
  Eat: Chunk             ||     2
Armor: Skin              ||     1
Dodge: Dodged            ||    38
